 Dungeon Crawl Stone Soup version 0.29.1-4-g47bece8355 (webtiles) character file.

Game seed: 10905260951353679083

21 Flaz the Ruffian (level 2, 0/26 HPs)
             Began as a Ghoul Monk on Dec 7, 2022.
             Slain by a worm (11 damage)
             ... on level 2 of the Dungeon.
             The game lasted 00:02:13 (960 turns).

Flaz the Ruffian (Ghoul Monk)                        Turns: 960, Time: 00:02:14

Health: 0/26       AC:  2    Str: 14    XL:     2   Next: 83%
Magic:  1/1        EV: 12    Int:  5    God:
Gold:   24         SH:  0    Dex: 11    Spells: 1/1 levels left

rFire   . . .      SeeInvis .     - Unarmed
rCold   + . .      Faith    .   (no shield)
rNeg    + + +      Spirit   .   a - +0 robe
rPois   ∞          Reflect  .   (no helmet)
rElec   .          Harm     .   (no cloak)
rCorr   .          Rampage  .   (no gloves)
Will    .....                   (no boots)
Stlth   ++........              (no amulet)
HPRegen 0.00/turn               (no ring)
MPRegen 0.07/turn               (no ring)

@: inhibited regen
A: claws 1, cold resistance 1, negative energy resistance 3, inhibited
regeneration, torment resistance 2, devour on kill
a: no special abilities


You were on level 2 of the Dungeon.
You visited 1 branch of the dungeon, and saw 2 of its levels.

You collected 24 gold pieces.

Inventory:

Hand Weapons
 i - a +4 dagger of draining
Missiles
 d - 16 stones (quivered)
Armour
 a - a +0 robe (worn)
Scrolls
 e - a scroll of enchant weapon {unknown}
 f - a scroll of summoning {unknown}
 j - a scroll of teleportation {unknown}
Potions
 b - a potion of ambrosia
 c - a potion of lignification {unknown}
 g - 2 potions of heal wounds {unknown}
 h - 3 potions of curing {unknown}
 k - a potion of might {unknown}


   Skills:
 + Level 3.5 Fighting
 * Level 0.6 Armour
 + Level 2.9 Dodging
 * Level 2.4 Stealth
 + Level 3.5 Unarmed Combat


You had one spell level left.
You didn't know any spells.
Your spell library was empty.

Dungeon Overview and Level Annotations

Branches:
Dungeon (2/15)

Altars:


Innate Abilities, Weirdness & Mutations

You are immune to poison.
You have sharp fingernails.
Your flesh is cold resistant. (rC+)
You are immune to negative energy. (rN+++)
You do not regenerate when monsters are visible.
You are immune to unholy pain and torment.
You thrive by killing the living.


Message History

There is a stone staircase leading down here.
You climb downwards.
Found a lumpy golden potion.
There is a stone staircase leading up here.
k - a lumpy golden potion
There is a stone staircase leading up here.
Found a mace.
You see here a +0 mace.
You open the door.
Found a stone staircase leading down.
Found a halberd.
There is an open door here.
A giant cockroach and a worm come into view.
There is an open door here.
You closely miss the giant cockroach. The giant cockroach closely misses you.
You scratch the giant cockroach.
The giant cockroach is almost dead.
The giant cockroach bites you but does no damage.
You scratch the giant cockroach.
You kill the giant cockroach!
No target in view!
There is an open door here.
You see here a giant cockroach corpse.
Found a lumpy golden potion.
A ball python comes into view.
Found 10 gold pieces.
The helpless worm fails to defend itself.
You claw the worm!
The worm is heavily wounded.
The worm bites you!
You claw the worm!
The worm is almost dead.
The worm bites you.
You barely miss the worm.
The worm is almost dead.
The ball python hisses angrily.
You scratch the worm.
The worm is almost dead.
The worm bites you!
You die...

#..... #.# #..........#
#.....###†################
#............#
##..........# #..........#
#..........#
+...>........#
###..........#
#....).@...# #......w...#
#.S........# ....!......#
....######## .... $.. ..


You could see a worm and a ball python.

Vanquished Creatures
  2 ball pythons (D:1)
  2 endoplasms (D:1)
  A giant cockroach (D:2)
  2 goblins (D:1)
  2 hobgoblins (D:1)
  6 kobolds (D:1)
  2 frilled lizards (D:1)
  A rat (D:1)
18 creatures vanquished.

Notes
Turn   | Place    | Note
-------+----------+-------------------------------------------
     0 | D:1      | Flaz the Ghoul Monk began the quest for the Orb.
     0 | D:1      | Reached XP level 1. HP: 19/19 MP: 0/0
   146 | D:1      | Reached XP level 2. HP: 26/26 MP: 1/1
   393 | D:1      | Found a faded altar of an unknown god.
   960 | D:2      | Slain by a worm

Illustrated notes

Levels and vault maps discovered:
D:1:      mrwooster_arrival_arrow, layout_basic,
          dreamdust_ecumenical_altar_angels_and_demons, minmay_splitting_lines
D:2:      layout_basic, minmay_between, uniq_terence

Action                   || total
-------------------------++-------
Melee: Unarmed           ||    42
 Stab: Sleeping          ||     2
Armor: Robe              ||     4
Dodge: Dodged            ||    19
